 Dungeon Crawl Stone Soup version 0.25-a0-1130-g3926558f3a (webtiles) character file.

Game seed: 12146040233168008934, levelgen mode: deterministic

9 vurker the Charlatan (level 2, -3/21 HPs)
             Began as a Human Artificer on May 19, 2020.
             Killed from afar by a dart slug (7 damage)
             ... with a slug dart
             ... on level 1 of the Dungeon.
             The game lasted 00:00:44 (289 turns).

vurker the Charlatan (Human Artificer)               Turns: 289, Time: 00:00:45

Health: -3/21      AC:  3    Str: 12    XL:     2   Next: 25%
Magic:  4/4        EV: 12    Int: 11    God:
Gold:   0          SH:  0    Dex: 13    Spells: 1/1 levels left

rFire    . . .     SeeInvis .   g - +0 dagger
rCold    . . .     Gourm    .   (no shield)
rNeg     . . .     Faith    .   b - +0 leather armour
rPois    .         Spirit   .   (no helmet)
rElec    .         Reflect  .   (no cloak)
rCorr    .         Harm     .   (no gloves)
MR       .....                  (no boots)
Stlth    +.........             (no amulet)
HPRegen  0.07/turn              (no ring)
MPRegen  0.09/turn              (no ring)

@: no status effects
A: no striking features
a: no special abilities


You were on level 1 of the Dungeon.
You were not hungry.

You visited 1 branch of the dungeon, and saw 1 of its levels.

Inventory:

Hand Weapons
 g - a +0 dagger (weapon)
   (You took it off a goblin on level 1 of the Dungeon)
Armour
 b - a +0 leather armour (worn)
Wands
 d - a wand of enslavement (15)
 f - a wand of random effects (15)
 t - a wand of flame (15)
Comestibles
 c - 3 chunks of flesh
 e - a ration


   Skills:
 + Level 1.4 Fighting
 - Level 1.0 Short Blades
 + Level 0.8 Armour
 - Level 2.0 Dodging
 - Level 1.0 Stealth
 + Level 3.2 Evocations


You had one spell level left.
You didn't know any spells.
Your spell library was empty.

Dungeon Overview and Level Annotations

Branches:
Dungeon (1/15)

Altars:


Message History

No target in view!
No target in view!
No target in view!
No target in view!
No target in view!
No target in view!
No target in view!
No target in view!
There is an open door here.
Items here: )) รทรทรทรท
Found 15 sling bullets.
A dart slug comes into view.
A dart slug is nearby!
A dart slug is nearby!
A hobgoblin comes into view. It is wielding a +0 club.
The hobgoblin shouts!
A hobgoblin comes into view. It is wielding a +0 club.
Found a scroll labeled VOXOUSEOXA.
The dart slug launches a dart at you. The slug dart hits you.
The dart slug barely misses you.
You hit the dart slug but do no damage. You barely miss the hobgoblin.
The hobgoblin misses you. The dart slug closely misses you.
The hobgoblin hits you but does no damage.
You hit the hobgoblin but do no damage. The hobgoblin hits you with a +0 club.
You hit the hobgoblin. The hobgoblin barely misses you.
You hit the hobgoblin but do no damage. The hobgoblin barely misses you.
You hit the hobgoblin but do no damage. The hobgoblin hits you with a +0 club.
* * * LOW HITPOINT WARNING * * *
You closely miss the hobgoblin. The hobgoblin barely misses you.
You barely miss the hobgoblin. You hit the hobgoblin.
The hobgoblin barely misses you.
You hit the hobgoblin but do no damage. The hobgoblin hits you with a +0 club.
* * * LOW HITPOINT WARNING * * *
You hit the hobgoblin. The hobgoblin closely misses you.
You hit the hobgoblin.
You kill the hobgoblin!
You completely miss the hobgoblin.
The hobgoblin hits you but does no damage.
You barely miss the hobgoblin. The hobgoblin hits you with a +0 club.
* * * LOW HITPOINT WARNING * * *
You hit the hobgoblin but do no damage. The hobgoblin barely misses you.
You hit the hobgoblin but do no damage.
The hobgoblin hits you but does no damage.
Okay, then.
Some of the chunks of flesh in your inventory have rotted away.
The dart slug launches a dart at you. The slug dart hits you!
You die...

#.............# #
#.............# # #.####
#####.............# #
.....##.................# #
#.....................####
#.......................##
#.##....####.............#.).
#.......####g............####
.........w).@............##..
#.##########.............##(.
# #.................
#####.############...
#............. #...
#............. #...
###............. ####
.................
####.............


You could see a dart slug and a hobgoblin.

Vanquished Creatures
  2 bats (D:1)
  A giant cockroach (D:1)
  A goblin (D:1)
  2 hobgoblins (D:1)
  A kobold (D:1)
  A rat (D:1)
8 creatures vanquished.

Notes
Turn   | Place    | Note
-------+----------+-------------------------------------------
     0 | D:1      | vurker the Human Artificer began the quest for the Orb.
     0 | D:1      | Reached XP level 1. HP: 15/15 MP: 3/3
    80 | D:1      | Reached XP level 2. HP: 15/21 MP: 4/4
   289 | D:1      | Killed from afar by a dart slug

Illustrated notes

Levels and vault maps discovered:
D:1:      dpeg_arrival_renting, layout_basic

Action                   || total
-------------------------++-------
Melee: Short sword       ||    39
       Dagger            ||    19
Armor: Leather armour    ||    17
Dodge: Dodged            ||    39

Table legend:
 A = Non-vault XP
 B = Vault XP
 C = Vault XP percentage of total XP
 D = Non-vault monster count
 E = Vault monster count
 F = Vault count percentage of total count
                 A         B        C        D         E       F
            +---------+---------+-------+---------+---------+-------
      Total |      14 |       0 |   0.0 |       8 |       0 |   0.0
            +---------+---------+-------+---------+---------+-------
        D:1 |      14 |       0 |   0.0 |       8 |       0 |   0.0
            +---------+---------+-------+---------+---------+-------
